 Dungeon Crawl Stone Soup version 0.29-a0-789-g7a8fcbc185 (webtiles) character file.

Game seed: 17826411419804490965

29 ytrimaz the Trooper (level 3, 0/29 HPs)
             Began as a Demonspawn Berserker on July 2, 2022.
             Was a Follower of Trog.
             Shot with a sling bullet by a goblin (4 damage)
             ... on level 2 of the Dungeon.
             The game lasted 00:01:00 (941 turns).

ytrimaz the Trooper (Demonspawn Berserker)           Turns: 941, Time: 00:01:01

Health: 0/29       AC:  8    Str: 19    XL:     3   Next: 1%
Magic:  3/3        EV:  7    Int:  8    God:    Trog [*.....]
Gold:   19         SH:  0    Dex: 12    Spells: 2/2 levels left

rFire   . . .      SeeInvis .   a - +0 hand axe
rCold   . . .      Faith    .   (no shield)
rNeg    . . .      Spirit   .   c - +0 chain mail
rPois   .          Reflect  .   (no helmet)
rElec   .          Harm     .   (no cloak)
rCorr   .          Rampage  .   (no gloves)
Will    .....                   (no boots)
Stlth   ..........              (no amulet)
HPRegen 0.09/turn               (no ring)
MPRegen 0.08/turn               (no ring)

@: on berserk cooldown, slowed, very slow
A: weakness stinger 2
a: Renounce Religion, Berserk


You were on level 2 of the Dungeon.
You worshipped Trog.
Trog was aware of your devotion.
You visited 1 branch of the dungeon, and saw 2 of its levels.

You collected 19 gold pieces.

Inventory:

Hand Weapons
 a - a +0 hand axe (weapon)
Armour
 b - a +0 animal skin
 c - a +0 chain mail (worn)
Scrolls
 d - a scroll of summoning
 j - a scroll of fear
Potions
 e - 2 potions of attraction {unknown}
 f - a potion of might {unknown}
 g - a potion of flight {unknown}
 h - a potion of curing {unknown}


   Skills:
 + Level 3.5 Fighting
 + Level 3.4 Axes
 - Level 1.7 Armour
 - Level 1.7 Dodging


You had 2 spell levels left.
You didn't know any spells.
Your spell library was empty.

Dungeon Overview and Level Annotations

Branches:
Dungeon (2/15)

Altars:


Innate Abilities, Weirdness & Mutations

You have a tail ending in a sharp stinger.


Message History

You feel sick. The adder bites you.
You completely miss the adder.
You feel sick.
The goblin shoots a sling bullet.
The sling bullet barely misses you. The adder bites you but does no damage.
The goblin shoots a sling bullet.
The sling bullet hits you but does no damage.
You closely miss the adder.
You feel sick. The adder barely misses you.
The adder bites you but does no damage.
The goblin shoots a sling bullet.
The sling bullet hits you.
* * * LOW HITPOINT WARNING * * *
Okay, then.
A red film seems to cover your vision as you go berserk!
You feel yourself moving faster!
You feel mighty!
You feel sick. The adder closely misses you.
The goblin shoots a sling bullet.
The sling bullet hits you but does no damage.
You slash the adder!
The adder is almost dead.
The adder bites you but does no damage.
The goblin shoots a sling bullet.
The sling bullet hits you.
* * * LOW HITPOINT WARNING * * *
You slash the adder!
You kill the adder!
Trog accepts your kill.
You feel sick.
You have reached level 3!
Your experience leads to an increase in your attributes!
Increase (S)trength, (I)ntelligence, or (D)exterity?
You feel stronger. x2; Your demonic ancestry asserts itself...
Your tail grows a sharp stinger.
You feel sick.
You are no longer poisoned.
You see here an adder corpse.
You feel a strong urge to attack something.
You feel your anger nearly subside.
You are no longer berserk.
You are exhausted.
You feel yourself slow down.
There is a faded altar of an unknown god here.
A giant cockroach comes into view.
Found a stone staircase leading up.
The goblin shoots a sling bullet.
The sling bullet hits you.
You die...

#..............###.#
#.....##........##.#
#....†##.g.......#.#
##.....###........#.#
#.....#...#.......#.#
#....#8.⌠..#.#'##...#
#...###..⌠.#.#.######
#..#8#_#...#.#.#
#.#..@#∩#8#..#+#
#.#.⌠..###..#.. .
#..⌠.8# ..+...
..#...#...##. .
..#.###..... ....#.
##.B<. ... #. ... ..
#. ...


You could see a giant cockroach and a goblin.

Vanquished Creatures
  An adder (D:2)
  2 ball pythons (D:1)
  4 endoplasms
  A giant cockroach (D:1)
  3 goblins (D:1)
  A hobgoblin (D:1)
  A kobold (D:1)
  A quokka (D:1)
  A frilled lizard (D:1)
  3 rats (D:1)
18 creatures vanquished.

Notes
Turn   | Place    | Note
-------+----------+-------------------------------------------
     0 | D:1      | ytrimaz the Demonspawn Berserker began the quest for the
                  | Orb.
     0 | D:1      | Reached XP level 1. HP: 18/18 MP: 1/1
   363 | D:1      | Gained mutation: You have a small tail. [demonic ancestry]
   363 | D:1      | Reached XP level 2. HP: 21/24 MP: 2/2
   917 | D:2      | Found a faded altar of an unknown god.
   935 | D:2      | Gained mutation: You have a tail ending in a sharp stinger.
                  | [demonic ancestry]
   935 | D:2      | Reached XP level 3. HP: 6/29 MP: 3/3
   941 | D:2      | Shot with a sling bullet by a goblin

Illustrated notes

Levels and vault maps discovered:
D:1:      minmay_arrival_solitary_statue, layout_loops_ring
D:2:      layout_basic, shapermc_ecumenical_altar_venn

Skill      XL: |  1 |
---------------+----+-----
Axes           | 3 |  3.4
Fighting       | |  3.5
Armour         | |  1.7
Dodging        | |  1.7

Action                   || total
-------------------------++-------
Melee: Hand axe          ||    52
       Tailslap          ||     1
Invok: Berserk           ||     1
  Use: Scroll            ||     2
Armor: Chain mail        ||    30
       Animal skin       ||     2
Dodge: Dodged            ||    22

Table legend: (Time is in decaauts)
 A = Elapsed time spent in this place.
 B = Non-inter-level travel time spent in this place.
 C = Inter-level travel time spent in this place.
 D = Time resting spent in this place.
 E = Time spent auto-exploring this place.
 F = Levels seen in this place.
 G = Mean time per level.
                   A        B        C        D        E       F      G
               +--------+--------+--------+--------+--------+-----+--------+
         Total |    947 |    881 |     66 |      0 |    722 |   2 |  473.5 |
       Dungeon |    947 |    881 |     66 |      0 |    722 |   2 |  473.5 |
               +--------+--------+--------+--------+--------+-----+--------+

Top non-repeatable levels by time:
     D:1: 892 daAuts
     D:2: 54 daAuts
